 Dungeon Crawl Stone Soup version 0.26-a0-1101-g8f9f7f7418 (webtiles) character file.

Game seed: 15419102975295085317

9115 Gargoyl the Fighter (level 11, -1/89 HPs)
             Began as a Gnoll Abyssal Knight on Dec 11, 2020.
             Was a Priest of Lugonu.
             Slain by a tentacled starspawn (21 damage)
             ... on level 1 of the Abyss on Dec 15, 2020.
             The game lasted 00:14:55 (9967 turns).

Gargoyl the Fighter (Gnoll Abyssal Knight)          Turns: 9967, Time: 00:14:56

Health: -1/89      AC: 20    Str: 25    XL:     11   Next: 41%
Magic:  20/20      EV: 11    Int: 14    God:    Lugonu [***...]
Gold:   208        SH:  0    Dex: 20    Spells: 22/22 levels left

rFire    . . .     SeeInvis .   q - +5 war axe (flame)
rCold    . . .     Faith    .   (no shield)
rNeg     . . .     Spirit   .   f - +0 plate armour
rPois    .         Reflect  .   w - +2 helmet
rElec    .         Harm     .   (no cloak)
rCorr    .         Rampage  .   n - +2 pair of gloves
Will     .....                  (no boots)
Stlth    ..........             (no amulet)
HPRegen  0.24/turn              o - +6 ring of dexterity
MPRegen  0.17/turn              u - +6 ring of strength

@: no status effects
A: distributed training, fangs 1, strong nose
a: Depart the Abyss, Bend Space, Banish, Renounce Religion


You were on level 1 of the Abyss.
You worshipped Lugonu.
Lugonu was most pleased with you.
You visited 1 branch of the dungeon, and saw 9 of its levels.
You visited the Abyss 2 times.

You collected 477 gold pieces.
You spent 269 gold pieces at shops.

Inventory:

Hand Weapons
 a - a +1 hand axe
 h - a +3 vampiric trident
 q - a +5 war axe of flaming (weapon)
Missiles
 t - 42 poisoned darts (quivered)
Armour
 f - a +0 plate armour (worn)
 n - a +2 pair of gloves (worn)
 w - a +2 helmet (worn)
Jewellery
 l - an uncursed ring of willpower {unknown}
 o - a +6 ring of dexterity (left hand)
 u - a +6 ring of strength (right hand)
 y - an uncursed ring of flight {unknown}
 D - an uncursed ring of positive energy {unknown}
Wands
 A - a wand of flame (32)
 B - a wand of digging (9)
Scrolls
 c - 5 scrolls of teleportation
 d - 4 scrolls of blinking
 i - a scroll of enchant armour
 j - 2 scrolls of magic mapping
 p - 2 scrolls of identify
 s - 6 scrolls of remove curse
 x - a scroll of summoning
Potions
 b - 2 potions of brilliance
 e - a potion of magic
 g - 3 potions of curing
 k - 4 potions of haste {unknown}
 m - 5 potions of flight {unknown}
 r - a potion of heal wounds {unknown}
 v - a potion of cancellation {unknown}
 z - a potion of invisibility {unknown}
 C - a potion of might {unknown}
 E - a potion of mutation {unknown}


   Skills:
 + Level 9.1 Fighting
 + Level 6.2 Short Blades
 + Level 6.2 Long Blades
 + Level 7.8 Axes
 + Level 6.2 Maces & Flails
 + Level 6.2 Polearms
 + Level 6.2 Staves
 + Level 6.2 Slings
 + Level 6.2 Bows
 + Level 6.2 Crossbows
 + Level 6.2 Throwing
 + Level 7.8 Armour
 + Level 6.8 Dodging
 + Level 6.2 Stealth
 + Level 6.2 Shields
 + Level 6.2 Unarmed Combat
 + Level 6.2 Spellcasting
 + Level 5.2 Conjurations
 + Level 5.2 Hexes
 + Level 5.2 Summonings
 + Level 5.2 Necromancy
 + Level 5.2 Translocations
 + Level 5.2 Transmutations
 + Level 5.2 Fire Magic
 + Level 5.2 Ice Magic
 + Level 5.2 Air Magic
 + Level 5.2 Earth Magic
 + Level 5.2 Poison Magic
 + Level 8.3 Invocations
 + Level 6.2 Evocations


You had 22 spell levels left.
You didn't know any spells.
Your spell library was empty.

Dungeon Overview and Level Annotations

Branches:
Dungeon (9/15)             Temple (0/1) D:6            Lair (0/6) D:9
    Orc: D:9-12

Altars:
Elyvilon
Gozag
Ru
Trog
Wu Jian

Shops:
D:8 ?   D:9 *


Innate Abilities, Weirdness & Mutations

Your experience applies equally to all skills.
You have very sharp teeth.
Your uncanny sense of smell can sniff out nearby items.


Message History

You hit the iron imp. You punch the iron imp.
You kill the iron imp!
A lurking horror comes into view.
A lurking horror is nearby!
A tentacled starspawn comes into view.
Your body is wracked with pain!
Tentacles burst from the starspawn's body! 2 starspawn tentacles come into view.
The tentacled starspawn bites you!!
* * * LOW HITPOINT WARNING * * *
The tentacled starspawn engulfs you.
* * * LOW HITPOINT WARNING * * *
The starspawn tentacle closely misses you.
Unknown command.
You hit the starspawn tentacle. You burn the starspawn tentacle.
You bite the starspawn tentacle, but do no damage.
The starspawn tentacle is lightly damaged.
You barely miss the tentacled starspawn.
The tentacled starspawn bites you!!
You die...

. . # . #.. .
##... #...# . ..#.
#. . ## ##.####.#
#. #. #... . . ..#
## # #..###.####..
# . ##....##.....#
... .# ## .
#..##.wX...##..##
# ∆ .#
#.....@#>#....#.
##..#..##.w..####
.. . #
#.#..#.....#.# .##
.#....#....##.# .#
###..#..##..#.# #
.#...#.#.#.#..# ..
# #
.#.##.###.##..#...
. .#..##.. .#.###.
#. .. #.# . #$
..#. # .#


You could see a tentacled starspawn and 2 starspawn tentacles.

Vanquished Creatures
  Erica (D:8)
  3 two-headed ogres
  Pikel (D:5)
  Prince Ribbit (D:9)
  A hornet (D:7)
  A shadow (D:9)
  A wyvern (D:9)
  4 yaks (D:9)
  Grum (D:8)
  2 small abominations (Abyss:1)
  4 orc warriors
  2 ice beasts
  A black bear (D:6)
  2 phantoms
  2 sky beasts
  5 wolves
  5 ogres
  A centaur (D:8)
  2 lemures (D:5)
  Blork the orc (D:4)
  4 bullfrogs
  A wyvern skeleton (D:9)
  8 scorpions
  4 wights (D:9)
  2 howler monkeys
  An electric eel (D:9)
  A bullfrog zombie (D:6)
  A jelly (D:6)
  8 orc priests
  9 hounds
  5 orc wizards
  A bullfrog skeleton (D:5)
  An iron imp (Abyss:1)
  2 centaur skeletons
  2 gnoll shamans
  2 iguanas
  Ijyb (D:3)
  6 worker ants
  A killer bee zombie (D:6)
  12 adders
  8 gnolls
  A shadow imp (D:6)
  3 white imps
  2 ufetubi
  5 oozes
  7 worms
  6 leopard geckos
  27 orcs
  A ball python (D:1)
  4 giant cockroaches
  7 goblins
  5 hobgoblins
  2 jackals (D:2)
  4 kobolds (D:2)
  2 quokkas
  7 bats
  3 frilled lizards
  A jackal skeleton (D:4)
  A quokka zombie (D:6)
  15 rats
224 creatures vanquished.

Vanquished Creatures (collateral kills)
  An adder (D:7)
  An ufetubus (D:7)
  3 orcs (D:7)
5 creatures vanquished.

Vanquished Creatures (others)
  An orc wizard (D:8)
  An orc priest (D:8)
  An orc (D:8)
  A lurking horror (Abyss:1)
4 creatures vanquished.

Grand Total: 233 creatures vanquished

Notes
Turn   | Place    | Note
-------+----------+-------------------------------------------
     0 | Abyss:1  | Gargoyl the Gnoll Abyssal Knight began the quest for the
                  | Orb.
     0 | Abyss:1  | Reached XP level 1. HP: 23/23 MP: 3/3
   142 | Abyss:1  | Noticed a small abomination
   160 | D:1      | Escaped the Abyss
   318 | D:1      | Reached XP level 2. HP: 29/29 MP: 5/5
   330 | D:1      | Reached * piety under Lugonu
   331 | D:1      | Upgraded the game from 0.26-a0-1038-gfb849e850a to
                  | 0.26-a0-1101-g8f9f7f7418
   852 | D:2      | Reached XP level 3. HP: 35/35 MP: 6/6
  1147 | D:2      | Reached skill level 1 in Short Blades
  1147 | D:2      | Reached skill level 1 in Long Blades
  1147 | D:2      | Reached skill level 1 in Maces & Flails
  1147 | D:2      | Reached skill level 1 in Polearms
  1147 | D:2      | Reached skill level 1 in Staves
  1147 | D:2      | Reached skill level 1 in Slings
  1147 | D:2      | Reached skill level 1 in Bows
  1147 | D:2      | Reached skill level 1 in Crossbows
  1147 | D:2      | Reached skill level 1 in Throwing
  1147 | D:2      | Reached skill level 1 in Stealth
  1147 | D:2      | Reached skill level 1 in Shields
  1147 | D:2      | Reached skill level 1 in Unarmed Combat
  1147 | D:2      | Reached skill level 1 in Spellcasting
  1147 | D:2      | Reached skill level 1 in Evocations
  1215 | D:2      | Reached XP level 4. HP: 40/41 MP: 7/7
  1313 | D:2      | Reached ** piety under Lugonu
  1368 | D:2      | Noticed a moth of wrath
  1370 | D:2      | Found a bloodstained altar of Trog.
  1386 | D:2      | Reached skill level 1 in Conjurations
  1386 | D:2      | Reached skill level 1 in Hexes
  1386 | D:2      | Reached skill level 1 in Summonings
  1386 | D:2      | Reached skill level 1 in Necromancy
  1386 | D:2      | Reached skill level 1 in Translocations
  1386 | D:2      | Reached skill level 1 in Transmutations
  1386 | D:2      | Reached skill level 1 in Fire Magic
  1386 | D:2      | Reached skill level 1 in Ice Magic
  1386 | D:2      | Reached skill level 1 in Air Magic
  1386 | D:2      | Reached skill level 1 in Earth Magic
  1386 | D:2      | Reached skill level 1 in Poison Magic
  2038 | D:3      | Reached XP level 5. HP: 14/47 MP: 8/8
  2508 | D:3      | Reached skill level 5 in Invocations
  2508 | D:3      | Reached XP level 6. HP: 53/53 MP: 9/9
  2620 | D:3      | Reached skill level 5 in Axes
  2620 | D:3      | Reached skill level 5 in Armour
  2776 | D:3      | Noticed Ijyb
  2781 | D:3      | Killed Ijyb
  3187 | D:4      | Reached *** piety under Lugonu
  3204 | D:4      | Reached XP level 7. HP: 54/59 MP: 10/10
  3233 | D:4      | Found a white marble altar of Elyvilon.
  3239 | D:4      | Reached skill level 7 in Fighting
  3273 | D:4      | Noticed Blork the orc
  3281 | D:4      | Killed Blork the orc
  4007 | D:5      | Entered Level 5 of the Dungeon
  4039 | D:5      | Noticed Pikel
  4053 | D:5      | Killed Pikel
  4054 | D:5      | Reached XP level 8. HP: 47/67 MP: 12/12
  4278 | D:5      | Found an ornate altar of the Wu Jian Council.
  4646 | D:5      | Found a bloodstained altar of Trog.
  4665 | D:5      | Reached XP level 9. HP: 41/72 MP: 14/14
  5660 | D:6      | Reached **** piety under Lugonu
  5808 | D:6      | Reached skill level 5 in Dodging
  6014 | D:6      | Found a staircase to the Ecumenical Temple.
  6126 | D:7      | Found an opulent altar of Gozag.
  6128 | D:7      | Noticed a hornet
  6140 | D:7      | Killed a hornet
  6141 | D:7      | Reached skill level 8 in Fighting
  6884 | D:8      | Found a sacrificial altar of Ru.
  6977 | D:8      | You fall into a shaft and drop 1 floor!
  6978 | D:9      | Noticed Prince Ribbit
  6988 | D:9      | Reached XP level 10. HP: 64/80 MP: 17/17
  6990 | D:9      | Killed Prince Ribbit
  7077 | D:9      | Reached skill level 5 in Short Blades
  7077 | D:9      | Reached skill level 5 in Long Blades
  7077 | D:9      | Reached skill level 5 in Maces & Flails
  7077 | D:9      | Reached skill level 5 in Polearms
  7077 | D:9      | Reached skill level 5 in Staves
  7077 | D:9      | Reached skill level 5 in Slings
  7077 | D:9      | Reached skill level 5 in Bows
  7077 | D:9      | Reached skill level 5 in Crossbows
  7077 | D:9      | Reached skill level 5 in Throwing
  7077 | D:9      | Reached skill level 5 in Stealth
  7077 | D:9      | Reached skill level 5 in Shields
  7077 | D:9      | Reached skill level 5 in Unarmed Combat
  7077 | D:9      | Reached skill level 5 in Spellcasting
  7077 | D:9      | Reached skill level 5 in Evocations
  7201 | D:9      | Found Izxeogae's Assorted Antiques.
  7202 | D:9      | Noticed a two-headed ogre
  7210 | D:9      | Killed a two-headed ogre
  7421 | D:9      | Noticed a two-headed ogre
  7430 | D:9      | Killed a two-headed ogre
  7493 | D:8      | Reached ***** piety under Lugonu
  7532 | D:8      | Noticed Grum
  7537 | D:8      | Noticed Erica
  7540 | D:8      | Killed Grum
  7546 | D:8      | Noticed a two-headed ogre
  7744 | D:8      | Found Erpho's Magic Scroll Boutique.
  7905 | D:8      | Killed Erica
  7906 | D:8      | Reached XP level 11. HP: 54/87 MP: 19/19
  8327 | D:8      | Bought a scroll of enchant weapon for 112 gold pieces
  8327 | D:8      | Bought a scroll of teleportation for 45 gold pieces
  8327 | D:8      | Bought a scroll of blinking for 112 gold pieces
  8388 | D:8      | Reached skill level 9 in Fighting
  8605 | D:8      | Killed a two-headed ogre
  8606 | D:8      | Reached skill level 5 in Conjurations
  8606 | D:8      | Reached skill level 5 in Hexes
  8606 | D:8      | Reached skill level 5 in Summonings
  8606 | D:8      | Reached skill level 5 in Necromancy
  8606 | D:8      | Reached skill level 5 in Translocations
  8606 | D:8      | Reached skill level 5 in Transmutations
  8606 | D:8      | Reached skill level 5 in Fire Magic
  8606 | D:8      | Reached skill level 5 in Ice Magic
  8606 | D:8      | Reached skill level 5 in Air Magic
  8606 | D:8      | Reached skill level 5 in Earth Magic
  8606 | D:8      | Reached skill level 5 in Poison Magic
  9205 | D:9      | Found a staircase to the Lair.
  9753 | Abyss:1  | Noticed a tentacled starspawn
  9960 | Abyss:1  | Noticed a tentacled starspawn
  9967 | Abyss:1  | Slain by a tentacled starspawn

Illustrated notes

Levels and vault maps discovered:
D:1:      dpeg_arrival_renting, layout_loops_ring
D:2:      layout_basic, minivault_4, tgw_trog
D:3:      layout_basic, uniq_ijyb
D:4:      layout_cave_pods, elyvilon_altar_1, uniq_blork_the_orc
D:5:      layout_basic, old_standard_altar, trog_three_pillars_becter,
          uniq_pikel
D:6:      layout_gridville, minmay_temple_entry_enclosed_plants
D:7:      layout_basic, nicolae_gozag_seed_capital
D:8:      layout_basic, serial_shops, shop_statue, hangedman_ru_absence,
          uniq_erica, uniq_grum
D:9:      layout_irregular_city, erik_lair_island, serial_shops, shop,
          kennysheep_island_fort, uniq_prince_ribbit1
Abyss:1:  base: Temple, lemuel_flamethrower_2, base: Temple, base:
D:6

Skill      XL: |  1  2  3  4  5  6  7  8  9 10 11 |
---------------+----------------------------------+-----
Short Blades   | 1 2 3 4 5 6 |  6.2
Long Blades    | 1 2 3 4 5 6 |  6.2
Maces & Flails | 1 2 3 4 5 6 |  6.2
Polearms       | 1 2 3 4 5 6 |  6.2
Staves         | 1 2 3 4 5 6 |  6.2
Slings         | 1 2 3 4 5 6 |  6.2
Bows           | 1 2 3 4 5 6 |  6.2
Crossbows      | 1 2 3 4 5 6 |  6.2
Throwing       | 1 2 3 4 5 6 |  6.2
Stealth        | 1 2 3 4 5 6 |  6.2
Shields        | 1 2 3 4 5 6 |  6.2
Unarmed Combat | 1 2 3 4 5 6 |  6.2
Spellcasting   | 1 2 3 4 5 6 |  6.2
Evocations     | 1 2 3 4 5 6 |  6.2
Conjurations   | 1 2 3 4 5 |  5.2
Hexes          | 1 2 3 4 5 |  5.2
Summonings     | 1 2 3 4 5 |  5.2
Necromancy     | 1 2 3 4 5 |  5.2
Translocations | 1 2 3 4 5 |  5.2
Transmutations | 1 2 3 4 5 |  5.2
Fire Magic     | 1 2 3 4 5 |  5.2
Ice Magic      | 1 2 3 4 5 |  5.2
Air Magic      | 1 2 3 4 5 |  5.2
Earth Magic    | 1 2 3 4 5 |  5.2
Poison Magic   | 1 2 3 4 5 |  5.2
Dodging        | 3 4 5 6 |  6.8
Invocations    | 5 6 7 8 |  8.3
Axes           | 5 6 7 |  7.8
Armour         | 5 6 7 |  7.8
Fighting       | 7 8 9 |  9.1

Action                   |  1- 3 |  4- 6 |  7- 9 | 10-12 || total
-------------------------+-------+-------+-------+-------++-------
Melee: Hand axe          |    54 |       |       |       ||    54
       Bite              |     5 |    14 |    44 |    36 ||    99
       War axe           |    32 |    85 |   236 |   176 ||   529
       Punch             |       |     1 |     6 |     7 ||    14
       Scimitar          |       |       |       |     2 ||     2
Throw: Dart              |       |       |       |    12 ||    12
Invok: Depart the Abyss  |     1 |       |       |       ||     1
       Banish            |       |       |       |     4 ||     4
       Enter the Abyss   |       |       |       |     1 ||     1
Evoke: Wand              |       |       |     4 |     1 ||     5
  Use: Scroll            |       |    13 |     8 |     3 ||    24
Armor: Chain mail        |    10 |       |       |       ||    10
       Plate armour      |    81 |    62 |   175 |   100 ||   418
Dodge: Dodged            |    26 |    40 |   116 |    96 ||   278
       Rpst.: Scimitar   |       |       |       |     1 ||     1

Table legend: (Time is in decaauts)
 A = Elapsed time spent in this place.
 B = Non-inter-level travel time spent in this place.
 C = Inter-level travel time spent in this place.
 D = Time resting spent in this place.
 E = Time spent auto-exploring this place.
 F = Levels seen in this place.
 G = Mean time per level.
                   A        B        C        D        E       F      G
               +--------+--------+--------+--------+--------+-----+--------+
         Total |  10099 |   9695 |    404 |   1655 |   6129 |  11 |  918.1 |
       Dungeon |   9595 |   9191 |    404 |   1614 |   5739 |   9 | 1066.1 |
         Abyss |    503 |    503 |      0 |     41 |    390 |   2 |  251.5 |
               +--------+--------+--------+--------+--------+-----+--------+

Top non-repeatable levels by time:
     D:2: 1440 daAuts
     D:8: 1417 daAuts
     D:9: 1414 daAuts
     D:5: 1346 daAuts
     D:3: 989 daAuts
     D:4: 887 daAuts
     D:7: 828 daAuts
     D:6: 642 daAuts
     D:1: 627 daAuts
 Abyss:1: 503 daAuts
